 Dungeon Crawl Stone Soup version 0.30.0-20-g3b4254fcbd (webtiles) character file.

Game seed: 10099592984682338999

1394 jagang the Covert (level 8, -1/46 HPs)
             Began as an Octopode Earth Elementalist on June 2, 2023.
             Slain by a gnoll sergeant
             ... wielding a +0 spear
              (7 damage)
             ... on level 5 of the Dungeon.
             The game lasted 00:13:58 (4206 turns).

jagang the Covert (Octopode Earth Elementalist)     Turns: 4206, Time: 00:13:59

Health: -1/46      AC:  1    Str:  8    XL:     8   Next: 68%
Magic:  13/13      EV: 19    Int: 19    God:
Gold:   153        SH:  0    Dex: 12    Spells: 13/14 levels left

rFire   . . .        h - +1 dagger (drain)
rCold   + . .        (no shield)
rNeg    . . .        (helmet restricted)
rPois   .            (no amulet)
rElec   .            g - +5 ring of evasion
rCorr   .            i - ring of protection from cold
SInv    .            (no ring)
Will    .....        (no ring)
Stlth   ++++++       (no ring)
HPRegen 0.27/turn    (no ring)
MPRegen 0.13/turn    (no ring)
                     (no ring)

%: no passive effects
@: no status effects
A: almost no armour, amphibious, 8 rings, camouflage 1, gelatinous body 1,
nimble swimmer 1, tentacles
a: no special abilities


You were on level 5 of the Dungeon.
You visited 1 branch of the dungeon, and saw 5 of its levels.

You collected 153 gold pieces.

Inventory:

Hand Weapons
 h - a +1 dagger of draining (weapon)
 o - a +0 dagger of holy wrath
Jewellery
 g - a +5 ring of evasion (left tentacle)
 i - a ring of protection from cold (right tentacle)
 k - a +5 ring of evasion
Wands
 l - a wand of paralysis (10)
 r - a wand of quicksilver (1)
Scrolls
 b - a scroll of fear {unknown}
 c - a scroll of teleportation
 e - a scroll of silence
 f - a scroll of magic mapping {unknown}
 m - a scroll of noise
 p - a scroll of enchant armour {unknown}
 q - a scroll of fog {unknown}
Potions
 a - a potion of magic
 d - 2 potions of curing
 j - 2 potions of brilliance {unknown}
 n - a potion of haste {unknown}
 s - a potion of might {unknown}


   Skills:
 * Level 2.0 Short Blades
 + Level 4.2 Dodging
 * Level 8.3 Stealth
 - Level 3.1 Unarmed Combat
 + Level 3.9 Spellcasting
 + Level 3.9 Transmutations
 + Level 4.8 Earth Magic


You had 13 spell levels left.
You knew the following spells:

 Your Spells              Type           Power      Damage    Failure   Level
a - Sandblast             Erth           44%        2d11      1%          1

Your spell library contained the following spells:

 Spells                   Type           Power      Damage    Failure   Level
 Passwall                 Tmut/Erth      16%        N/A       3%          2
 Kiss of Death            Conj/Necr      12%        2d6       14%         1
 Slow                     Hex            12%        N/A       14%         1
 Stone Arrow              Conj/Erth      24%        3d8       16%         3
 Cigotuvi's Dreadful Rot  Necr/Pois/Air  6%         N/A       22%         2
 Petrify                  Tmut/Erth      20%        N/A       22%         4
 Ignite Poison            Fire/Tmut/Pois 8%         N/A       24%         3
 Confusing Touch          Hex            3%         N/A       38%         3
 Vampiric Draining        Necr           3%         2d6       38%         3
 Anguish                  Hex/Necr       1%         N/A       80%         4
 Cause Fear               Hex            1%         N/A       80%         4
 Dispel Undead            Necr           3%         3d7       80%         4
 Freezing Cloud           Conj/Ice/Air   1%         6-21      98%         5
 Enfeeble                 Hex            1%         N/A       100%        7


Dungeon Overview and Level Annotations

Branches:
Dungeon (5/15)
 Temple: D:4-7

Altars:


Innate Abilities, Weirdness & Mutations

You cannot wear most types of armour.
You are amphibious.
You can wear up to eight rings at the same time.
Your skin changes colour to match your surroundings (Stealth+).
Your rubbery body absorbs attacks. (AC +1, EV +1)
You are camouflaged when in or above water. (Stealth+)
You have tentacles for arms and can constrict up to eight enemies at once.


Message History

The gnoll hits you from afar with a +0 spear!
You hit the gnoll. You drain the gnoll. Your grab misses the gnoll.
The gnoll is moderately wounded.
The gnoll misses you.
You completely miss the gnoll. You grab the gnoll.
You constrict the gnoll, but do no damage.
You hit the gnoll. You tentacle-slap the gnoll.
The gnoll is heavily wounded.
You constrict the gnoll. The gnoll completely misses you.
You hit the gnoll but do no damage.
The gnoll is heavily wounded.
You constrict the gnoll.
The gnoll sergeant hits you from afar with a +0 spear!
* * * LOW HITPOINT WARNING * * *
The gnoll barely misses you. The gnoll hits you with a +0 whip.
* * * LOW HITPOINT WARNING * * *
You release your grip on the gnoll.
You enter the deep water.
You start resting.
You hear the quick rusting of a drain nearby.
You start resting.
A gnoll sergeant is nearby!
You enter the deep water.
You see here 3 stones.
You enter the deep water.
The gnoll sergeant misses you.
You hit the gnoll sergeant. You drain the gnoll sergeant.
Your grab misses the gnoll sergeant.
Your tentacle-slap misses the gnoll sergeant.
You squeeze the gnoll sergeant.
The gnoll sergeant is lightly wounded.
The gnoll sergeant barely misses you.
You hit the gnoll sergeant but do no damage.
You grab the gnoll sergeant.
The gnoll sergeant is lightly wounded.
You constrict the gnoll sergeant, but do no damage.
The gnoll sergeant hits you with a +0 spear!
* * * LOW HITPOINT WARNING * * *
You release your grip on the gnoll sergeant.
The gnoll sergeant attacks as you move away!
The gnoll sergeant hits you with a +0 spear!
You die...

#.#...#.#....#.≈≈≈≈g≈≈≈≈#
....###.+....#.≈##≈.≈##≈#
#.....# #....#.≈###g###≈#
#....#.###'#...≈≈#.gg#≈≈#
#...........#..≈≈#...#≈≈#
....##.....##..≈≈#.$.#≈≈#
#.........)..≈#######≈#
#.#.#...#.#..≈##≈≈≈##≈#
....#.#.#....≈@≈≈≈≈≈≈≈#
.##.....))##.g#.(....##
.....#.......#.##.###
#....#....#..#....# .....
#.......###..#
.##.......##..# #..# ...
.#.#.#.[...# #..#
..#.#.#...#.#.#.# #..#
#.#.............# #


You could see a gnoll sergeant (drained).

Vanquished Creatures
  Pikel (D:4)
  Sigmund (D:3)
  An ice beast (D:5)
  An ogre (D:5)
  A phantom (D:4)
  3 lemures (D:4)
  A scorpion (D:5)
  4 hounds
  2 jellies
  Jessica (D:2)
  Natasha (D:3)
  2 orc wizards (D:3)
  5 adders
  5 gnolls
  A worm (D:2)
  10 orcs
  11 bats
  9 endoplasms
  4 giant cockroaches
  4 goblins
  10 hobgoblins
  7 jackals (D:3)
  4 kobolds
  2 quokkas
  6 ball pythons
  6 frilled lizards
  11 rats
114 creatures vanquished.

Notes
Turn   | Place    | Note
-------+----------+-------------------------------------------
     0 | D:1      | jagang the Octopode Earth Elementalist began the quest for
                  | the Orb.
     0 | D:1      | Reached XP level 1. HP: 11/11 MP: 3/3
   138 | D:1      | Reached skill level 3 in Stealth
   140 | D:1      | Reached XP level 2. HP: 10/17 MP: 0/5
   645 | D:1      | Reached XP level 3. HP: 21/21 MP: 4/6
  1022 | D:2      | Reached skill level 1 in Unarmed Combat
  1182 | D:2      | Reached skill level 4 in Stealth
  1413 | D:2      | Found a faded altar of an unknown god.
  1466 | D:2      | Noticed Jessica
  1473 | D:2      | Killed Jessica
  1474 | D:2      | Reached XP level 4. HP: 27/27 MP: 7/7
  1808 | D:3      | Reached XP level 5. HP: 24/31 MP: 3/8
  1890 | D:3      | Noticed Sigmund
  1905 | D:3      | Killed Sigmund
  1906 | D:3      | Reached skill level 5 in Stealth
  1906 | D:3      | Reached XP level 6. HP: 28/36 MP: 6/10
  2472 | D:3      | Noticed Natasha
  2480 | D:3      | Killed Natasha
  2988 | D:4      | Reached skill level 6 in Stealth
  2998 | D:4      | Reached XP level 7. HP: 31/41 MP: 7/11
  3295 | D:4      | Noticed Pikel
  3307 | D:4      | Killed Pikel
  3308 | D:4      | Reached skill level 7 in Stealth
  3308 | D:4      | Reached XP level 8. HP: 16/46 MP: 10/13
  3723 | D:5      | Entered Level 5 of the Dungeon
  3852 | D:5      | Reached skill level 1 in Short Blades
  3974 | D:5      | Reached skill level 8 in Stealth
  4206 | D:5      | Slain by a gnoll sergeant

Illustrated notes

Levels and vault maps discovered:
D:1:      minmay_arrival_open_corners, layout_loops_ring, st_stairs_5
D:2:      layout_basic, basic_ecumenical_altar, minmay_door_square, uniq_jessica
D:3:      minmay_recursive_quarters, layout_loops_ring, kennysheep_crisscross,
          uniq_natasha, uniq_sigmund
D:4:      layout_loops_ring, minivault_19, uniq_pikel
D:5:      nicolae_cairo_tiling_large_dashed, layout_basic,
          minmay_temple_entry_fiery, gup_sewer_entry_bubbles, lightli_minifort

Skill      XL: |  1  2  3  4  5  6  7  8 |
---------------+-------------------------+-----
Stealth        | 3 4 5 6 7 8 |  8.3
Unarmed Combat | 1 2 3 |  3.1
Dodging        | 3 4 |  4.2
Transmutations | 2 3 |  3.9
Spellcasting   | 3 |  3.9
Earth Magic    | 4 |  4.8
Short Blades   | 2 |  2.0

Action                     |  1- 3 |  4- 6 |  7- 9 || total
---------------------------+-------+-------+-------++-------
  Melee: Unarmed           |     3 |       |       ||     3
         Constrict         |     4 |     9 |     9 ||    22
         Dagger            |    14 |    63 |    58 ||   135
         Tentacles         |     1 |    10 |    14 ||    25
         Punch             |       |     2 |     5 ||     7
   Cast: Sandblast         |    37 |    50 |    31 ||   118
    Use: Scroll            |       |     3 |       ||     3
         Potion            |       |     1 |     1 ||     2
   Stab: Sleeping          |     4 |     5 |     6 ||    15
 Armour: Skin              |     1 |     8 |     2 ||    11
  Dodge: Dodged            |     9 |    96 |    49 ||   154
